 Dungeon Crawl Stone Soup version 0.32-a0-433-g08bcfe7efd (webtiles) character file.

Game seed: 1838591544868628300

87508 backslashecho the Brawler (level 15, -9/158 HPs)
             Began as a Troll Summoner on Feb 23, 2024.
             Was a High Priest of Trog.
             Mangled by a phantasmal warrior (36 damage)
             ... led by a death knight
             ... on level 14 of the Dungeon.
             The game lasted 01:06:26 (22361 turns).

backslashecho the Brawler (Troll Summoner)         Turns: 22361, Time: 01:06:27

Health: -9/158     AC: 12    Str: 20    XL:     15   Next: 43%
Magic:  15/15      EV: 13    Int: 11    God:    Trog [*****.]
Gold:   1510       SH:  0    Dex: 16    Spells: 15/16 levels left

rFire   x .          .
                       - Unarmed
rCold   + . .        (shield currently unavailable)
rNeg    . . .        w - quicksilver dragon scales
rPois   .            m - +2 hat
rElec   +            P - +4 cloak of Inevitability {Harm rElec Will+ Regen+}
rCorr   .            (gloves unavailable)
SInv    .            (boots unavailable)
Will    +....        V - amulet of the acrobat
Stlth   +            v - +4 ring of slaying
HPRegen 2.06/turn    H - ring of ice
MPRegen 0.14/turn

%: harm (+30% outgoing, +20% incoming), acrobat
@: blade hands, weak-willed, slowed, studying Shapeshifting, very slow
A: large, unfitting armour, (claws 3), regeneration 1, shaggy fur 1, tough skin
1
a: Begin Untransformation, Renounce Religion, Berserk, Trog's Hand, Brothers in
Arms


You were on level 14 of the Dungeon.
You worshipped Trog.
Trog was extremely pleased with you.
You had blades for hands.
You visited 4 branches of the dungeon, and saw 22 of its levels.
You also visited: Sewer and Volcano.

You collected 2730 gold pieces.
You spent 1220 gold pieces at shops.

Inventory:

Hand Weapons
 R - a +1 scimitar of flaming
Missiles
 B - 4 throwing nets
 K - 12 poisoned darts
 Q - 11 curare-tipped darts
Armour
 k - the +2 cloak of the Thief {*Fog Slay-2 SInv Stlth+}
   (You acquired it on level 1 of the Lair of Beasts)

   *Fog:      It may release a thick cloud of smoke when the wearer is hurt.
   Slay-2:    It affects your accuracy & damage with ranged weapons and melee
   (-2).
   SInv:      It lets you see invisible.
   Stlth+:    It makes you more stealthy.
 m - a +2 hat (worn)
 u - +0 swamp dragon scales
 w - quicksilver dragon scales (worn)
 J - +0 acid dragon scales
 L - +0 fire dragon scales
 N - a +0 cloak of poison resistance
 P - the +4 cloak of Inevitability (worn) {Harm rElec Will+ Regen+}
   (You bought it in a shop on level 1 of the Orcish Mines)

   rElec:     It insulates you from electricity.
   Will+:     It increases your willpower.
   Regen+:    It increases your rate of health regeneration.
   Harm:      It increases damage dealt and taken.
Jewellery
 i - a ring of protection from fire
 j - a ring of poison resistance
 r - a ring of resist corrosion
 v - a +4 ring of slaying (left blade hand)
 y - a +6 ring of dexterity
 H - a ring of ice (right blade hand)
 V - an amulet of the acrobat (around neck)
Talismans
 o - a beast talisman
 S - a blade talisman (active)
Wands
 a - a wand of acid (6)
 l - a wand of mindburst (15)
 n - a wand of charming (6)
 q - a wand of flame (15)
 F - a wand of roots (11)
Scrolls
 g - a scroll of vulnerability
 h - 3 scrolls of revelation
 p - 5 scrolls of teleportation
 s - a scroll of poison
 E - 3 scrolls of immolation
 G - 2 scrolls of identify
 I - a scroll of amnesia {unknown}
 U - 3 scrolls of blinking {unknown}
 Y - 2 scrolls of enchant armour {unknown}
Potions
 b - 4 potions of magic
 c - 2 potions of heal wounds
 d - 2 potions of berserk rage
 e - 7 potions of mutation
 f - 2 potions of enlightenment
 t - 2 potions of cancellation {unknown}
 x - 5 potions of resistance
 z - 6 potions of curing
 A - 3 potions of haste {unknown}
 C - 5 potions of might {unknown}
 D - a potion of attraction {unknown}
 O - a potion of degeneration {unknown}
 T - 3 potions of invisibility {unknown}
 W - 2 potions of lignification {unknown}
 X - a potion of ambrosia {unknown}
Miscellaneous
 M - a phial of floods


   Skills:
 + Level 12.4 Fighting
 + Level 9.0 Dodging
 - Level 1.0 Stealth
 + Level 18.3 Unarmed Combat
 - Level 1.2 Spellcasting
 - Level 2.9 Summonings
 + Level 13.0 Shapeshifting


You had 15 spell levels left.
You knew the following spells:

 Your Spells              Type           Power      Damage    Failure   Level
A - Summon Small Mammal   Summ           28%        N/A       16%         1

Your spell library contained the following spells:

 Spells                   Type           Power      Damage    Failure   Level
 Call Imp                 Summ           14%        N/A       24%         2
 Call Canine Familiar     Summ           7%         N/A       43%         3
 Slow                     Hex            0%         N/A       50%         1
 Confusing Touch          Hex            0%         N/A       86%         3
 Sigil of Binding         Hex            0%         N/A       86%         3
 Vampiric Draining        Necr           0%         2d6       86%         3
 Summon Blazeheart Golem  Fire/Summ      3%         N/A       96%         4
 Summon Lightning Spire   Summ/Air       3%         N/A       96%         4


Dungeon Overview and Level Annotations

Branches:
Dungeon (14/15)            Temple (1/1) D:4            Lair (5/5) D:9
  Swamp (0/4) Lair:3       Spider (0/4) Lair:3        Slime (0/5) Lair:4
    Orc (2/2) D:11            Elf (0/3) Orc:2        Vaults (0/5) D:14
  Sewer (visited)         Volcano (visited)

Altars:
Ashenzari
Cheibriados
Dithmenos
Elyvilon
Fedhas
Gozag
Hepliaklqana
Kikubaaqudgha
Makhleb
Nemelex Xobeh
Okawaru
Qazlal
Ru
Sif Muna
Trog
Uskayaw
Vehumet
Wu Jian
Xom
Yredelemnul
Zin
The Shining One
Jiyva

Shops:
D:2 :   Orc:1 *   Orc:2 :([*

Annotations:
Lair:1 1 runed translucent door, exclusion: door, Nyony's ghost, journeyman TrSh


Innate Abilities, Weirdness & Mutations

You have blades for hands.
You are incapable of wielding weapons or throwing items.
You are too large for most types of armour.
((You have claws for hands.))
Your natural rate of healing is unusually fast.
You are covered in fur. (AC +1)
You have tough skin. (AC +1)


Message History

The wraith misses you.
The death knight hits you with a +3 great mace!
The phantasmal warrior hits you!
Your willpower is stripped away!
You take 28 damage, and have 86/158 hp.
You closely miss the death knight.
The death knight is lightly wounded.
The wraith hits you but does no damage.
The death knight hits you with a +3 great mace!
The phantasmal warrior hits you!!
You take 32 damage, and have 54/158 hp.
MASSIVE DAMAGE!!
You shred the death knight!!!
The death knight is severely wounded.
The wraith closely misses you.
The death knight calls down the wrath of Yredelemnul upon you.
Your body is wracked with pain!
* * * LOW HITPOINT WARNING * * *
The phantasmal warrior closely misses you.
You take 30 damage, and have 24/158 hp.
Unknown command.
Press: ? - help, v - describe, . - travel
Here: a phantasmal warrior The floor.
Okay, then.
Okay, then.
Okay, then.
Press: ? - help, v - describe, . - travel
Here: a death knight, wielding a +3 great mace and wearing a +0 chain mail (severely wounded)
The floor, spattered with blood.
Unknown command.
Read: scroll of fear
Press: ? - help, Q - select action, (/) - cycle Dir - look around, f - activate Look: a phantasmal warrior (not susceptible)
Okay, then.
Unknown command.
Unknown command.
Read: scroll of fear
Press: ? - help, Q - select action, (/) - cycle Dir - look around, f - activate Look: a death knight, wielding a +3 great mace and wearing a +0 chain mail (severely wounded, chance to affect: 64%)
Okay, then.
Unknown command.
Okay, then.
Read: scroll of fear
Press: ? - help, Q - select action, (/) - cycle Dir - look around, f - activate Look: a death knight, wielding a +3 great mace and wearing a +0 chain mail (severely wounded, chance to affect: 64%)
As you read the scroll of fear, it crumbles to dust.
You assume a fearsome visage.
The death knight looks frightened!
The wraith is unaffected.
The phantasmal warrior is unaffected.
The wraith barely misses you. The phantasmal warrior hits you!!
You die...

.♣ß♣....###.....# ..W#
###.#...###.....##...##.
.......................<
....................p...
..................W...W.
................###+###.
+##...####.##...#
.##...####.##..W##
...........#..p.@#
...........#...W.#
...........#.....#
###...####.##...##
###...####.#######
#................#
'................#
#................#
#................#


You could see a death knight (fleeing), a phantasmal warrior and a wraith.

Vanquished Creatures
  Saint Roka (Orc:2)
  Gastronok (D:8)
  Kirke (D:12)
  Donald (Orc:1)
  An orc warlord (Orc:2)
  A fire dragon (Lair:5)
  Josephine (Orc:1)
  Snorg (D:11)
  An entropy weaver (D:14)
  Fannar (Lair:3)
  A vault guard (D:14)
  6 hydras
  Harold (Lair:1)
  Erolcha (Orc:1)
  3 centaur warriors
  2 alligators (Lair:3)
  Erica (D:9)
  5 two-headed ogres
  A death yak (D:9)
  A tengu warrior (D:14)
  3 orc high priests (Orc:2)
  Urug (D:11)
  Sonja (D:11)
  6 skysharks
  Amaemon (Lair:1)
  A hell knight (Volcano)
  A pharaoh ant (Lair:3)
  3 goliath frogs (Lair:3)
  3 swamp dragons (Lair:3)
  A lindwurm (Lair:5)
  3 deep elf pyromancers
  3 orc knights
  A manticore (D:13)
  4 ugly things
  3 orc sorcerers (Orc:2)
  3 meliai (D:13)
  2 cyclopes
  19 elephants
  2 kobold blastminers (Orc:2)
  4 black mambas (Lair:5)
  3 molten gargoyles
  An orange demon (Lair:1)
  Joseph (Lair:1)
  10 cane toads
  3 gargoyles
  Jeremiah (D:8)
  3 rime drakes
  15 komodo dragons
  A tengu conjurer (D:13)
  2 freezing wraiths (D:14)
  2 yaktaurs (Volcano)
  A tyrant leech (Lair:3)
  7 trolls
  A polar bear (Lair:2)
  2 tarantellas (Lair:3)
  4 wraiths
  A shadow (D:10)
  46 yaks
  A vampire (D:10)
  5 wyverns
  2 fire bats (Volcano)
  A human (D:10)
  2 hogs (D:12)
  2 steam dragons (Lair:5)
  3 basilisks
  6 wargs
  6 vampire mosquitoes (D:11)
  2 acid dragons (D:9)
  4 hell hounds (Lair:5)
  3 swamp worms (Lair:3)
  10 water moccasins
  2 sky beasts
  3 swamp drakes (Lair:3)
  3 ice beasts
  28 orc warriors
  3 black bears
  6 ogres
  16 wolves
  9 centaurs
  2 kobold brigands
  11 bullfrogs
  A gnoll sergeant (D:6)
  2 scorpions
  6 killer bees
  3 howler monkeys (D:12)
  2 crimson imps
  13 lava snakes
  3 hounds
  2 jellies
  12 orc priests
  19 iguanas
  23 orc wizards
  6 hell rats (Lair:5)
  5 gnolls (D:6)
  10 adders
  4 river rats
  A white imp (D:5)
  2 ufetubi (D:7)
  6 dart slugs
  A ribbon worm (D:5)
  62 orcs
  4 endoplasms
  3 giant cockroaches
  5 goblins
  3 hobgoblins
  7 jackals
  14 kobolds
  3 quokkas
  18 ball pythons
  6 bats
  17 frilled lizards
  31 rats
  A butterfly (Lair:5)
626 creatures vanquished.

Vanquished Creatures (collateral kills)
  Rupert (D:14)
  An orc knight (Orc:2)
  A yak (D:8)
  An orc warrior (Orc:2)
  A killer bee (D:8)
5 creatures vanquished.

Vanquished Creatures (others)
  A yak (D:8)
  4 killer bees
  An orc (Orc:2)
6 creatures vanquished.

Grand Total: 637 creatures vanquished

Notes
Turn   | Place    | Note
-------+----------+-------------------------------------------
     0 | D:1      | backslashecho the Troll Summoner began the quest for the
                  | Orb.
     0 | D:1      | Reached XP level 1. HP: 16/16 MP: 1/1
   242 | D:1      | Reached skill level 1 in Unarmed Combat
   365 | D:1      | Reached XP level 2. HP: 26/26 MP: 2/2
   632 | D:1      | Reached skill level 1 in Fighting
   719 | D:1      | Reached skill level 2 in Unarmed Combat
  1112 | D:2      | Reached XP level 3. HP: 33/33 MP: 3/3
  1130 | D:2      | Found Azxo's Book Shoppe.
  1310 | D:2      | Found a shimmering blue altar of Sif Muna.
  1423 | D:2      | Reached XP level 4. HP: 37/41 MP: 4/4
  1532 | D:3      | Found a blossoming altar of Fedhas.
  1657 | D:3      | Reached skill level 3 in Unarmed Combat
  1962 | D:3      | Found a sacrificial altar of Ru.
  2362 | D:4      | Found the +5 woodcutter's axe
  2429 | D:4      | Reached XP level 5. HP: 42/49 MP: 5/5
  2547 | D:4      | Found a staircase to the Ecumenical Temple.
  2591 | D:4      | Found a shadowy altar of Dithmenos.
  2709 | D:4      | Found a radiant altar of Vehumet.
  2710 | D:4      | Found a burning altar of Makhleb.
  2853 | Temple   | Entered the Ecumenical Temple
  2909 | D:5      | Entered Level 5 of the Dungeon
  2974 | D:5      | Reached skill level 4 in Unarmed Combat
  2982 | D:5      | Reached skill level 1 in Shapeshifting
  3048 | D:5      | Found a glowing golden altar of the Shining One.
  3119 | D:5      | Reached XP level 6. HP: 59/59 MP: 6/6
  3205 | D:5      | Found a glowing drain.
  3209 | Sewer    | Entered a sewer
  3434 | Sewer    | Reached skill level 5 in Unarmed Combat
  3445 | Sewer    | Reached XP level 7. HP: 57/67 MP: 5/7
  3917 | D:5      | Found a stormy altar of Qazlal.
  4301 | D:6      | Reached skill level 6 in Unarmed Combat
  4472 | D:6      | Found a snail-covered altar of Cheibriados.
  4499 | D:6      | Reached XP level 8. HP: 50/78 MP: 3/8
  4601 | D:6      | Found a bloodstained altar of Trog.
  4610 | D:6      | Became a worshipper of Trog the Wrathful
  4618 | D:6      | Reached skill level 7 in Unarmed Combat
  5586 | D:7      | Reached skill level 8 in Unarmed Combat
  5722 | D:8      | Noticed Jeremiah
  5869 | D:8      | Noticed a two-headed ogre
  5893 | D:8      | Killed a two-headed ogre
  5894 | D:8      | Reached skill level 5 in Fighting
  5894 | D:8      | Reached skill level 9 in Unarmed Combat
  5894 | D:8      | Reached XP level 9. HP: 72/88 MP: 4/9
  6101 | D:8      | Killed Jeremiah
  6138 | D:8      | Reached skill level 10 in Unarmed Combat
  6188 | D:8      | Reached * piety under Trog
  6369 | D:8      | Noticed Gastronok
  6405 | D:8      | Killed Gastronok
  6406 | D:8      | Reached skill level 11 in Unarmed Combat
  6406 | D:8      | Reached XP level 10. HP: 100/100 MP: 7/10
  6913 | D:9      | Noticed a cane toad
  6914 | D:9      | Noticed a cane toad
  6916 | D:9      | Killed a cane toad
  6921 | D:9      | Killed a cane toad
  6923 | D:9      | Noticed a death yak
  6932 | D:9      | Reached skill level 12 in Unarmed Combat
  6948 | D:9      | Killed a death yak
  7214 | D:9      | Found a staircase to the Lair.
  7309 | D:9      | Reached ** piety under Trog
  7353 | D:9      | Noticed Erica
  7413 | D:9      | Killed Erica
  7678 | D:9      | Reached skill level 13 in Unarmed Combat
  7910 | D:10     | Entered Level 10 of the Dungeon
  8235 | D:10     | Reached XP level 11. HP: 111/111 MP: 11/11
  8511 | D:10     | Noticed a two-headed ogre
  8526 | D:10     | Killed a two-headed ogre
  8888 | D:10     | Noticed a deep elf pyromancer
  8901 | D:10     | Killed a deep elf pyromancer
  9355 | D:11     | Reached *** piety under Trog
  9418 | D:11     | Reached skill level 14 in Unarmed Combat
  9516 | D:11     | Noticed Snorg
  9523 | D:11     | Found a staircase to the Orcish Mines.
  9725 | D:11     | Noticed Sonja
  9730 | D:11     | Killed Sonja
  9753 | D:11     | Killed Snorg
  9928 | D:11     | Noticed Urug
  9936 | D:11     | Killed Urug
 10412 | Lair:1   | Entered Level 1 of the Lair of Beasts
 10413 | Lair:1   | Noticed Joseph
 10422 | Lair:1   | Killed Joseph
 10423 | Lair:1   | Reached skill level 15 in Unarmed Combat
 10497 | Lair:1   | Identified a scroll of acquirement
 10548 | Lair:1   | Noticed Nyony's ghost (journeyman TrSh)
 10580 | Lair:1   | Found a dark tunnel.
 10593 | Volcano  | Entered a volcano
 10789 | Volcano  | Reached **** piety under Trog
 10958 | Volcano  | Found a bloodstained altar of Trog.
 10958 | Volcano  | Noticed a centaur warrior
 10961 | Volcano  | Reached XP level 12. HP: 123/123 MP: 12/12
 10963 | Volcano  | Killed a centaur warrior
 11486 | Lair:1   | Reached skill level 5 in Shapeshifting
 11533 | Lair:1   | Noticed Amaemon
 11546 | Lair:1   | Killed Amaemon
 11817 | Lair:1   | Noticed Harold
 11828 | Lair:1   | Killed Harold
 12082 | Lair:1   | Found a runed translucent door.
 12213 | Lair:1   | Reached ***** piety under Trog
 12535 | Lair:2   | Reached skill level 16 in Unarmed Combat
 12917 | Lair:2   | Reached skill level 10 in Fighting
 13566 | Lair:3   | Reached XP level 13. HP: 127/133 MP: 11/13
 13716 | Lair:3   | Reached skill level 5 in Dodging
 13807 | Lair:3   | Noticed Fannar
 13820 | Lair:3   | Killed Fannar
 13854 | Lair:2   | Acquired the +2 cloak of the Thief {*Fog Slay-2 SInv
                  | Stlth+}
 13854 | Lair:2   | Found the +2 cloak of the Thief {*Fog Slay-2 SInv Stlth+}
 14067 | D:2      | Bought a manual of Shapeshifting for 1040 gold pieces
 14275 | Lair:3   | Found a staircase to the Swamp.
 14380 | Lair:3   | Received a gift from Trog
 15374 | Lair:3   | Found a hole to the Spider Nest.
 15964 | Lair:4   | Reached skill level 17 in Unarmed Combat
 16192 | Lair:4   | Found a viscous altar of Jiyva.
 16193 | Lair:4   | Found a staircase to the Slime Pits.
 16871 | Lair:4   | Reached XP level 14. HP: 146/146 MP: 14/14
 16881 | Lair:5   | Entered Level 5 of the Lair of Beasts
 16965 | Lair:5   | Received a gift from Trog
 17598 | Lair:5   | Reached skill level 10 in Shapeshifting
 18218 | Lair:5   | Found a large runed translucent door.
 18218 | Lair:5   | Found a large runed translucent door.
 18683 | Orc:1    | Entered Level 1 of the Orcish Mines
 18696 | Orc:1    | Found Eruiciac's CLEARANCE SALE!.
 18722 | Orc:1    | Bought the +4 cloak of Inevitability {Harm rElec Will+
                  | Regen+} for 132 gold pieces
 18774 | Orc:1    | Noticed Erolcha
 18784 | Orc:1    | Killed Erolcha
 19152 | Orc:2    | Entered Level 2 of the Orcish Mines
 19152 | Orc:2    | Noticed Josephine
 19160 | Orc:1    | Killed Josephine
 19230 | Orc:2    | Noticed Donald
 19241 | Orc:1    | Killed Donald
 19368 | Orc:2    | Found Ystuxul's Antique Weapon Shop.
 19720 | Orc:1    | Received a gift from Trog
 19776 | Orc:2    | Found Oxtehim's Antique Armour Emporium.
 19913 | Orc:2    | Found Xaurihi's General Store.
 19913 | Orc:2    | Noticed an orc warlord
 19944 | Orc:2    | Killed an orc warlord
 20053 | Orc:2    | Bought a scroll of fear for 48 gold pieces
 20113 | Orc:2    | Noticed Saint Roka
 20148 | Orc:2    | Killed Saint Roka
 20149 | Orc:2    | Reached XP level 15. HP: 94/156 MP: 15/15
 20232 | Orc:2    | Found a staircase to the Elven Halls.
 20307 | Orc:2    | Found Bostemes's Book Shop.
 20684 | D:12     | Noticed Kirke
 20688 | D:12     | Reached skill level 18 in Unarmed Combat
 20700 | D:12     | Killed Kirke
 21956 | D:14     | Noticed Rupert
 21965 | D:14     | Killed Rupert
 22234 | D:14     | Found a gate to the Vaults.
 22361 | D:14     | Mangled by a phantasmal warrior

Illustrated notes

Levels and vault maps discovered:
D:1:      minmay_arrival_three_doors, layout_loops_corners
D:2:      layout_rooms, basic_altar, serial_shops, nicolae_shop_tiny_waterfront,
          minmay_misc_feat_tower
D:3:      wad_pebble_path, layout_basic, nicolae_ru_the_path_less_chosen,
          fedhas_altar_3
D:4:      layout_cave_pools, grunt_temple_overflow_lords_of_destruction,
          old_standard_altar, minmay_temple_entry_slanted
D:5:      layout_cave_pools, nicolae_tso_carved_into_rock,
          mainiacjoe_overflow_alcove_1, gup_sewer_entry_spiral
D:6:      layout_basic, mainiacjoe_overflow_tiny_flanked,
          mainiacjoe_overflow_cross_hatched
D:7:      layout_basic
D:8:      layout_basic, chequers_serial_rivers_marsh, uniq_jeremiah,
          uniq_gastronok
D:9:      layout_irregular_city, dpeg_lair_monsters, uniq_erica
D:10:     minmay_goldmine, layout_loops_corners, hangedman_stone_soup
D:11:     layout_basic, david_orc_2, uniq_snorg, uniq_sonja, uniq_urug
D:12:     layout_basic, minmay_misc_feat_chi, uniq_kirke
D:13:     layout_rooms
D:14:     layout_gridville, hellmonk_vaults_order_and_chaos,
          kennysheep_decorative_pillar, chequers_mini_garden, solitary_fountain,
          kennysheep_generic_room_3, uniq_rupert
Temple:   hellmonk_temple_forest_ring
Lair:1:   lemuel_reptile_caves, layout_concentric_octagons,
          gammafunk_ghost_grave, nicolae_volcano_entry_hallway, uniq_amaemon,
          uniq_harold, uniq_joseph
Lair:2:   layout_regular_city, chequers_serial_rivers_marsh, minivault_26
Lair:3:   onia_ninara_swampy_vault, layout_chaotic_city,
          mainiacjoe_swamp_entry_lozenge_pond,
          nicolae_spider_entry_lesser_pyramids, chequers_serial_rivers_small_3,
          uniq_fannar
Lair:4:   layout_regular_city, slime_entry_1, infiniplex_staircase_pool,
          grunt_megastairs_2, lemuel_fruit_fields, lemuel_fruit_fields
Lair:5:   cheibrodos_lair_end_hotspot, layout_gridlike,
          infiniplex_staircase_pool_2
Orc:1:    layout_diamond_mine, nicolae_shop_clearance, uniq_erolcha
Orc:2:    grunt_orc_gardens, layout_caves, grunt_orc_garden, grunt_orc_garden,
          grunt_orc_garden, grunt_orc_garden, uniq_donald, uniq_saint_roka,
          uniq_josephine

Skill      XL: |  1  2  3  4  5  6  7  8  9 10 11 12 13 14 15 |
---------------+----------------------------------------------+-----
Unarmed Combat | 1 2 3 4 5 6 9 11 13 15 16 17 18 | 18.3
Fighting       | 1 2 3 5 6 7 9 10 11 12 | 12.4
Shapeshifting  | 1 2 3 4 6 9 12 13 | 13.0
Dodging        | 2 4 6 8 9 |  9.0
Stealth        | |  1.0
Spellcasting   | |  1.2
Summonings     | |  2.9

Action                     |  1- 3 |  4- 6 |  7- 9 | 10-12 | 13-15 || total
---------------------------+-------+-------+-------+-------+-------++-------
  Melee: Unarmed           |    83 |   192 |   147 |   476 |   663 ||  1561
         Punch             |     2 |     2 |     4 |    43 |    89 ||   140
         Scimitar          |       |       |       |       |    25 ||    25
  Throw: Dart              |       |       |       |     5 |       ||     5
 Invoke: Berserk           |       |       |     1 |    13 |    17 ||    31
         Trog's Hand       |       |       |       |       |     4 ||     4
         Brothers in Arms  |       |       |       |       |     2 ||     2
  Evoke: Wand              |       |       |    13 |     7 |     4 ||    24
         Phial of floods   |       |       |       |       |     1 ||     1
    Use: Scroll            |       |       |     5 |    15 |     4 ||    24
         Potion            |       |       |     1 |       |       ||     1
   Stab: Sleeping          |     4 |       |       |       |       ||     4
 Armour: Robe              |    50 |    74 |       |       |       ||   124
         Quicksilver drago |       |    78 |   100 |   373 |   315 ||   866
         Swamp dragon scal |       |       |       |       |   187 ||   187
  Dodge: Dodged            |    34 |   120 |    47 |   199 |   453 ||   853
   Form: Beast             |       |     1 |       |     2 |     3 ||     6
                           |       |       |       |     2 |     3 ||     5
         Blade             |       |       |       |       |     3 ||     3

Table legend: (Time is in decaauts)
 A = Elapsed time spent in this place.
 B = Non-inter-level travel time spent in this place.
 C = Inter-level travel time spent in this place.
 D = Time resting spent in this place.
 E = Time spent auto-exploring this place.
 F = Levels seen in this place.
 G = Mean time per level.
                   A        B        C        D        E       F      G
               +--------+--------+--------+--------+--------+-----+--------+
         Total |  22335 |  19692 |   2643 |   2292 |  12175 |  24 |  930.6 |
       Dungeon |  12074 |  10394 |   1680 |    775 |   7213 |  14 |  862.4 |
        Temple |     29 |     14 |     15 |      0 |      0 |   1 |   29.0 |
          Lair |   7088 |   6385 |    703 |   1136 |   3608 |   5 | 1417.6 |
  Orcish Mines |   1913 |   1670 |    243 |    318 |    820 |   2 |  956.5 |
         Sewer |    390 |    390 |      0 |      0 |    136 |   1 |  390.0 |
       Volcano |    838 |    838 |      0 |     62 |    398 |   1 |  838.0 |
               +--------+--------+--------+--------+--------+-----+--------+

Top non-repeatable levels by time:
  Lair:3: 1982 daAuts
    D:10: 1616 daAuts
  Lair:1: 1552 daAuts
  Lair:5: 1487 daAuts
     D:8: 1370 daAuts
     D:1: 1063 daAuts
  Lair:2: 1033 daAuts
  Lair:4: 1032 daAuts
     D:6: 1025 daAuts
   Orc:1: 994 daAuts
    D:11: 972 daAuts
   Orc:2: 919 daAuts
     D:9: 894 daAuts
     D:5: 842 daAuts
 Volcano: 838 daAuts
